 Dungeon Crawl Stone Soup version 0.27-a0-54-g64bdb92e38 (webtiles) character file.

Game seed: 6516462380173778587

75 runemasterragnar the Vexing (level 4, -6/42 HPs)
             Began as an Ogre Arcane Marksman on Jan 7, 2021.
             Killed from afar by an orc wizard (10 damage)
             ... with a puff of flame
             ... on level 3 of the Dungeon.
             The game lasted 00:06:48 (3877 turns).

runemasterragnar the Vexing (Ogre Arcane Marksman)  Turns: 3877, Time: 00:06:49

Health: -6/42      AC:  3    Str: 14    XL:     4   Next: 31%
Magic:  4/6        EV: 10    Int: 15    God:
Gold:   224        SH:  0    Dex:  9    Spells: 3/6 levels left

rFire    . . .     SeeInvis .   f - +0 club
rCold    . . .     Faith    .   (no shield)
rNeg     . . .     Spirit   .   a - +0 robe
rPois    .         Reflect  .   (helmet restricted)
rElec    .         Harm     .   (no cloak)
rCorr    .         Rampage  .   (gloves unavailable)
Will     .....                  (boots unavailable)
Stlth    +.........             (no amulet)
HPRegen  0.14/turn              (no ring)
MPRegen  0.10/turn              (no ring)

@: no status effects
A: large, unfitting armour, tough skin 1
a: no special abilities


You were on level 3 of the Dungeon.
You visited 1 branch of the dungeon, and saw 3 of its levels.

You collected 224 gold pieces.

Inventory:

Hand Weapons
 e - a +0 whip
 f - a +0 club (weapon)
Missiles
 h - 74 stones (quivered)
Armour
 a - a +0 robe (worn)
Scrolls
 b - a scroll of amnesia
 g - 3 scrolls of identify
 k - 3 scrolls of enchant weapon


   Skills:
 + Level 2.1 Fighting
 * Level 1.2 Maces & Flails
 * Level 2.7 Throwing
 + Level 2.0 Dodging
 + Level 1.8 Spellcasting
 * Level 3.2 Hexes


You had 3 spell levels left.
You knew the following spells:

 Your Spells              Type           Power        Failure   Level
a - Corona                Hex            12%          6%          1
b - Slow                  Hex            11%          9%          2

Your spell library contained the following spells:

 Spells                   Type           Power        Failure   Level
 Beastly Appendage        Tmut           2%           22%         1
 Wereblood                Tmut           1%           34%         2
 Inner Flame              Hex/Fire       6%           34%         3
 Portal Projectile        Hex/Tloc       12%          34%         3
 Spider Form              Tmut/Pois      0%           56%         3
 Cause Fear               Hex            5%           52%         4
 Leda's Liquefaction      Hex/Erth       3%           75%         4
 Ice Form                 Ice/Tmut       1%           92%         4
 Blade Hands              Tmut           0%           99%         5


Dungeon Overview and Level Annotations

Branches:
Dungeon (3/15)

Altars:
Uskayaw


Innate Abilities, Weirdness & Mutations

You are too large for most types of armour.
You have tough skin. (AC +1)


Message History

The orc wizard hits you with a +0 dagger.
* * * LOW HITPOINT WARNING * * *
The orc wizard hits you with a +0 dagger.
* * * LOW HITPOINT WARNING * * *
You aren't carrying any potions.
Okay, then.
Okay, then.
Casting: Corona (safe; 6% risk of failure)
Confirm with . or Enter, or press ? or * to list all spells.
Aiming: Slow (safe; 9% risk of failure)
Press: ? - help, Shift-Dir - straight line, f - orc wizard
Aim: an orc wizard, wielding a +0 dagger and wearing a +0 robe (chance to affect: 47%)
The orc wizard seems to slow down.
The orc wizard gestures at you while chanting.
The puff of flame hits you.
* * * LOW HITPOINT WARNING * * *
There is a stone staircase leading up here.
The orc wizard gestures at you while chanting.
The puff of flame hits you!
You die...

#.....#.#
#######.#
#########.#
#...o).(#.#
#o#####.#o#
#.# #.#.#
#.# #.#.#
#.# #.#.#
#@# #o#.#
### #.#.#
#...# #.###
###


You could see an orc wizard (slow).

Vanquished Creatures
  Robin (D:2)
  2 worms
  3 dart slugs
  A leopard gecko (D:2)
  3 orcs (D:3)
  A bat (D:1)
  A giant cockroach (D:3)
  14 goblins
  5 hobgoblins
  2 jackals (D:3)
  A quokka (D:3)
  2 frilled lizards (D:2)
  5 kobolds
  6 rats
47 creatures vanquished.

Notes
Turn   | Place    | Note
-------+----------+-------------------------------------------
     0 | D:1      | runemasterragnar the Ogre Arcane Marksman began the quest
                  | for the Orb.
     0 | D:1      | Reached XP level 1. HP: 19/19 MP: 2/2
   208 | D:1      | Reached XP level 2. HP: 12/28 MP: 1/4
  1715 | D:2      | Noticed Robin
  1730 | D:2      | Killed Robin
  1731 | D:2      | Reached skill level 3 in Hexes
  1731 | D:2      | Reached XP level 3. HP: 15/35 MP: 2/5
  2090 | D:1      | Learned a level 2 spell: Slow
  2345 | D:2      | Reached skill level 1 in Maces & Flails
  3062 | D:2      | Found a hide-covered altar of Uskayaw.
  3063 | D:2      | Noticed a +0 dagger
  3063 | D:2      | Noticed a +0 dagger
  3468 | D:3      | Reached XP level 4. HP: 42/42 MP: 4/6
  3877 | D:3      | Killed from afar by an orc wizard

Illustrated notes

Levels and vault maps discovered:
D:1:      ncdulo_smallfort, layout_basic, chequers_arboretum,
          ebering_dispersal_statue_hall
D:2:      layout_basic, dancing_weapons_uskayaw, uniq_robin
D:3:      layout_basic

Skill      XL: |  1  2  3 |
---------------+----------+-----
Fighting       | 2 |  2.1
Hexes          | 3 |  3.2
Dodging        | 2 |  2.0
Maces & Flails | 1 |  1.2
Throwing       | |  2.7
Spellcasting   | |  1.8

Action                   |  1- 3 |  4- 6 || total
-------------------------+-------+-------++-------
Melee: Unarmed           |     3 |       ||     3
       Club              |   101 |    32 ||   133
       Whip              |     9 |       ||     9
Throw: Large rock        |    16 |    12 ||    28
       Throwing net      |       |     3 ||     3
 Cast: Corona            |    42 |    13 ||    55
       Slow              |     2 |     2 ||     4
  Use: Potion            |     5 |       ||     5
       Scroll            |       |     5 ||     5
Armor: Robe              |    34 |     9 ||    43
Dodge: Dodged            |    77 |    38 ||   115

Table legend: (Time is in decaauts)
 A = Elapsed time spent in this place.
 B = Non-inter-level travel time spent in this place.
 C = Inter-level travel time spent in this place.
 D = Time resting spent in this place.
 E = Time spent auto-exploring this place.
 F = Levels seen in this place.
 G = Mean time per level.
                   A        B        C        D        E       F      G
               +--------+--------+--------+--------+--------+-----+--------+
         Total |   3937 |   3607 |    330 |    618 |   2346 |   3 | 1312.3 |
       Dungeon |   3937 |   3607 |    330 |    618 |   2346 |   3 | 1312.3 |
               +--------+--------+--------+--------+--------+-----+--------+

Top non-repeatable levels by time:
     D:1: 1880 daAuts
     D:2: 1582 daAuts
     D:3: 475 daAuts
